 Dungeon Crawl Stone Soup version 0.23.2-30-g0e89c35649 (webtiles) character file.

Game seed: 16421299259992633103

86 Moridin the Cutter (level 4, -7/28 HPs)
             Began as a Deep Elf Chaos Knight on June 7, 2019.
             Was a Plaything of Xom.
             Mangled by an orc
             ... wielding a +2 hand axe of electrocution
              (17 damage)
             ... on level 3 of the Dungeon.
             The game lasted 00:38:18 (1742 turns).

Moridin the Cutter (Deep Elf Chaos Knight)          Turns: 1742, Time: 00:38:29

Health: -7/28      AC:  5    Str: 10    XL:     4   Next: 27%
Magic:  6/6        EV: 11    Int: 17    God:    Xom [..*...]
Gold:   115        SH:  0    Dex: 14    Spells: 3/3 levels left

rFire    . . .     SeeInvis +   a - +0 short sword (chaos)
rCold    . . .     Gourm    .   (no shield)
rNeg     . . .     Faith    .   g - +0 ring mail (curse)
rPois    .         Spirit   .   (no helmet)
rElec    .         Reflect  .   (no cloak)
rCorr    .         Harm     .   (no gloves)
MR       +....     Clarity  +   (no boots)
Stlth    +.........             (no amulet)
HPRegen  0.09/turn              j - ring of flight
MPRegen  0.10/turn              (no ring)

@: cleaving
A: hooves 1, see invisible, clarity, magic resistance 1
a: Renounce Religion, Evoke Flight


You were on level 3 of the Dungeon.
You worshipped Xom.
You were a toy of Xom.
You were not hungry.

You visited 1 branch of the dungeon, and saw 3 of its levels.

You collected 115 gold pieces.

Inventory:

Hand Weapons
 a - a +0 short sword of chaos (weapon)
 m - a +0 hand axe of chopping
Missiles
 l - 11 arrows
Armour
 b - a +2 leather armour
 g - a cursed +0 ring mail (worn)
 p - a +0 chain mail
Jewellery
 j - a ring of flight (left hand)
Wands
 e - a wand of flame (14)
Scrolls
 k - a scroll of amnesia
 n - 2 scrolls of teleportation
 o - a scroll of remove curse {unknown}
 q - a scroll of identify
Potions
 d - a potion of mutation
 f - a potion of ambrosia
 h - a potion of curing
 i - a potion of cancellation
Comestibles
 c - 2 rations


   Skills:
 + Level 3.1 Fighting
 + Level 3.7 Short Blades
 + Level 1.4 Armour
 + Level 3.0 Dodging
 + Level 1.0 Stealth


You had 3 spell levels left.
You didn't know any spells.
Your spell library was empty.

Dungeon Overview and Level Annotations

Branches:
Dungeon (3/15)

Altars:
Cheibriados
Nemelex Xobeh
Xom


Innate Abilities, Weirdness & Mutations

You have large cloven feet.
You have supernaturally acute eyesight. (SInv)
You possess an exceptional clarity of mind.
You are resistant to hostile enchantments. (MR+)


Message History

The orc wizard is heavily wounded.
The orc wizard barely misses you.
You hit the orc wizard but do no damage.
You kick the orc wizard, but do no damage.
The orc wizard is heavily wounded.
The orc wizard barely misses you.
You barely miss the orc wizard. Your kick misses the orc wizard.
The orc wizard is moderately wounded.
You closely miss the orc. "Go forth and cause havoc, mortal!"
Your +0 short sword of chaos looks sharp.
You are now a toy of Xom.
You hit the orc but do no damage.
The orc is moving more slowly.
You kick the orc.
The orc is lightly wounded.
The orc hits you with a +2 hand axe of electrocution.
You are electrocuted!
Ouch! That really hurt!
You die...
Xom chortles!

####### >......##
#.......#
....#.°######
#.._...oo@§○.#
#.##.#.o####.######
# #..# #......#
....# #.####.#
...... #.####.#
.[...... #...##.#
#....... #.#.##.#
#...... #.#.##.#
#......#


You could see an orc wizard (invisible) and 2 orcs.

Vanquished Creatures
  2 adders (D:2)
  An ooze (D:1)
  3 dart slugs (D:1)
  A leopard gecko (D:2)
  2 orcs (D:3)
  A ball python (D:1)
  5 bats
  3 giant cockroaches
  6 goblins
  4 hobgoblins (D:1)
  5 jackals (D:1)
  8 kobolds
  5 frilled lizards
  6 rats
52 creatures vanquished.

Notes
Turn   | Place    | Note
-------+----------+-------------------------------------------
     0 | D:1      | Moridin the Deep Elf Chaos Knight began the quest for the
                  | Orb.
     0 | D:1      | Reached XP level 1. HP: 13/13 MP: 3/3
    55 | D:1      | XOM: potion effect (brilliance)
    91 | D:1      | XOM: divination: detect items
   134 | D:1      | XOM: silly message
   145 | D:1      | Reached XP level 2. HP: 17/18 MP: 4/4
   228 | D:1      | Gained mutation: You are robust. (+10% HP) [potion of
                  | mutation]
   228 | D:1      | Lost mutation: You are robust. (+10% HP) [potion of
                  | mutation]
   228 | D:1      | Gained mutation: You have large cloven feet. [potion of
                  | mutation]
   232 | D:1      | XOM: harmless Pois miscast
   334 | D:1      | Reached skill level 1 in Armour
   352 | D:1      | XOM: harmless Necr miscast
   500 | D:1      | Reached XP level 3. HP: 19/22 MP: 5/5
   680 | D:1      | XOM: give mutations
   680 | D:1      | Gained mutation: You have supernaturally acute eyesight.
                  | (SInv) [Xom's grace]
   680 | D:1      | Gained mutation: You possess an exceptional clarity of
                  | mind. [Xom's grace]
   680 | D:1      | Gained mutation: You are resistant to hostile enchantments.
                  | (MR+) [Xom's grace]
  1039 | D:2      | Found a sparkling altar of Nemelex Xobeh.
  1145 | D:2      | Reached XP level 4. HP: 12/28 MP: 6/6
  1186 | D:2      | Reached skill level 1 in Stealth
  1209 | D:2      | Found a snail-covered altar of Cheibriados.
  1346 | D:2      | XOM: 6-stop teleportation journey
  1664 | D:3      | XOM: scenery: create altars
  1723 | D:3      | XOM: smoke on damage
  1732 | D:3      | XOM: scenery: create altars
  1741 | D:3      | XOM: cleaving
  1742 | D:3      | Mangled by an orc

Skill      XL: |  1  2  3  4 |
---------------+-------------+-----
Armour         | 1 |  1.4
Fighting       | 3 |  3.1
Stealth        | 1 |  1.0
Dodging        | 3 |  3.0
Short Blades   | |  3.7

Action                   |  1- 3 |  4- 6 || total
-------------------------+-------+-------++-------
Melee: Short sword       |   139 |    30 ||   169
       Kick              |    26 |     7 ||    33
  Use: Potion            |     7 |       ||     7
       Scroll            |     1 |     3 ||     4
 Stab: Petrifying        |     2 |       ||     2
       Paralysed         |     2 |       ||     2
  Eat: Ration            |     1 |       ||     1
Armor: Leather armour    |    47 |       ||    47
       Ring mail         |       |     9 ||     9
Dodge: Dodged            |   101 |    21 ||   122
